 Dungeon Crawl Stone Soup version 0.20.1-1-g8b1a95d (webtiles) character file.

3532 pstr the Destroyer (level 10, -2/54 HPs)
             Began as a Kobold Conjurer on Nov 16, 2017.
             Was a Follower of Qazlal.
             Slain by Beowulf's ghost (6 damage)
             ... on level 8 of the Dungeon.
             The game lasted 00:25:58 (11259 turns).

pstr the Destroyer (Kobold Conjurer)               Turns: 11259, Time: 00:25:59

Health: -2/54      AC:  7    Str: 10    XL:     10   Next: 29%
Magic:  8/22       EV: 24    Int: 24    God:    Qazlal [*.....]
Gold:   379        SH:  1    Dex: 17    Spells: 22/25 levels left

rFire    + + .     SeeInvis .   D - +0 morningstar (protect)
rCold    + . .     Gourm    .   (shield restricted)
rNeg     . . .     Faith    .   n - +0 ring mail
rPois    +         Spirit   .   (no helmet)
rElec    +         Reflect  .   (no cloak)
rCorr    +         Harm     .   (no gloves)
MR       .....                  F - +0 pair of boots
Stlth    ++........             (no amulet)
Regen    0.2/turn               I - +3 ring of evasion
MPRegen  0.2/turn               p - +6 ring of evasion

@: mighty, brilliant, resistant, hasted, very quick
A: carnivore 3, fire resistance 1, poison resistance
a: Renounce Religion


You were on level 8 of the Dungeon.
You worshipped Qazlal.
Qazlal was aware of your devotion.
You were very full.

You visited 1 branch of the dungeon, and saw 8 of its levels.

You collected 379 gold pieces.

Inventory:

Hand Weapons
 w - a +0 club
 D - a +0 morningstar of protection (weapon)
Missiles
 i - 146 stones (quivered)
 y - 85 arrows
Armour
 a - a +0 robe
 n - a +0 ring mail (worn)
 x - a +0 leather armour
 F - a +0 pair of boots (worn)
Jewellery
 l - an uncursed ring of see invisible
 p - a +6 ring of evasion (right hand)
 I - a +3 ring of evasion (left hand)
Wands
 J - a wand of random effects (16/48)
Scrolls
 d - 3 scrolls of immolation
 e - 7 scrolls of identify
 f - a scroll of noise
 g - 6 scrolls of remove curse
 h - a scroll of magic mapping
 j - a scroll of enchant armour {unknown}
 k - a scroll of fog {unknown}
 o - a scroll of recharging
 r - 2 scrolls of teleportation
 s - a scroll of enchant weapon
 u - 2 scrolls of blinking
 C - 2 scrolls of amnesia {unknown}
 H - a scroll of random uselessness {unknown}
 L - a scroll of fear {unknown}
Potions
 t - 3 potions of might
 G - a potion of ambrosia {unknown}
 K - a potion of flight
Books
 b - a book of Conjurations

   Spells                             Type                      Level
   a - Magic Dart                     Conjuration                  1
   b - Searing Ray                    Conjuration                  2
   c - Dazzling Spray                 Conjuration/Hexes            3
   d - Fulminant Prism                Conjuration/Hexes            4
   e - Force Lance                    Conjuration/Translocation    4
   f - Iskenderun's Mystic Blast      Conjuration                  4
 A - a book of Maledictions

   Spells                             Type                      Level
   a - Corona                         Hexes                        1
   b - Ensorcelled Hibernation        Hexes/Ice                    2
   c - Confuse                        Hexes                        3
   d - Tukima's Dance                 Hexes                        3
   e - Dazzling Spray                 Conjuration/Hexes            3
Comestibles
 c - 10 meat rations
 v - 4 royal jellies


   Skills:
 + Level 2.5 Fighting
 + Level 5.2 Armour
 + Level 4.2 Dodging
 + Level 4.6 Stealth
 + Level 0.2 Unarmed Combat
 + Level 8.3 Spellcasting
 + Level 9.3 Conjurations


You had 22 spell levels left.
You knew the following spells:

 Your Spells              Type           Power        Failure   Level  Hunger
a - Magic Dart            Conj           ####         1%          1    None
b - Searing Ray           Conj           ######       1%          2    None


Dungeon Overview and Level Annotations

Branches:
Dungeon (8/15)             Temple (0/1) D:7
   Lair: D:8-11

Altars:
Ashenzari
Dithmenos
Elyvilon
Gozag
Nemelex Xobeh
Qazlal
Sif Muna
Vehumet
Yredelemnul
Zin
The Shining One

Shops:
D:4 =

Annotations:
D:8 Beowulf's ghost, journeyman MiBe


Innate Abilities, Weirdness & Mutations

You are small and have problems with some larger weapons.
You are carnivorous and can eat meat at any time.
Your flesh is heat resistant. (rF+)
Your system is resistant to poisons. (rPois)


Message History

The searing ray hits Beowulf's ghost.
Beowulf's ghost is severely damaged. (Press . to maintain the ray.) Beowulf's ghost hits you but does no damage.
The searing ray hits Beowulf's ghost.
Beowulf's ghost is severely damaged.
Beowulf's ghost completely misses you.
The searing ray misses Beowulf's ghost.
Beowulf's ghost barely misses you.
The searing ray hits Beowulf's ghost.
Beowulf's ghost is almost destroyed.
You finish channeling your searing ray.
You block Beowulf's ghost's attack.
You barely miss Beowulf's ghost.
Beowulf's ghost is almost destroyed.
Beowulf's ghost hits you!
* * * LOW HITPOINT WARNING * * *
Beowulf's ghost hits you!
* * * LOW HITPOINT WARNING * * *
Beowulf's ghost keens inconsolably.
You feel yourself speed up. Beowulf's ghost hits you.
You die...

.#########+###
#..#..........#
#..#..........#
#..........(..#
#######.#...........#
#.....#.#...........#
#.....#.#...........# #
#....ยง#.#...........+ .
.# #.....@W............###
.#
####.#####.#####..........
.## #....# #+# #..........
..# #....# #..........
#.## #....# #.###'#####
...## #....## #.###+#....
....####.....# ...........
.....#......##
##.......... ._.....#....#
#.........W


You could see Beowulf's ghost.

Vanquished Creatures
  A hippogriff (D:7)
  The ghost of Agrougrou the Poker, an amateur OgSk (D:4)
  An orc warrior (D:7)
  4 ice beasts
  A black bear (D:4)
  3 ogres
  3 phantoms
  2 centaurs
  The ghost of pstr the Conjurer, an amateur KoCj (D:3)
  5 bullfrogs
  3 scorpions
  A howler monkey (D:4)
  4 wights (D:8)
  3 crimson imps
  A centaur zombie (D:4)
  A quasit (D:6)
  A bullfrog zombie (D:6)
  3 jellies
  2 hounds
  6 orc priests
  A bullfrog skeleton (D:6)
  A centaur skeleton (D:4)
  4 iguanas
  4 orc wizards
  5 worker ants
  A worker ant zombie (D:6)
  9 adders
  7 gnolls
  4 shadow imps
  4 worms
  2 adder skeletons
  2 dart slugs
  2 leopard geckos
  23 orcs
  8 bats
  4 giant cockroaches
  10 goblins
  4 hobgoblins
  15 jackals
  4 kobolds
  A quokka (D:3)
  3 ball pythons
  4 frilled lizards
  2 quokka skeletons
  5 rats
176 creatures vanquished.

Notes
Turn   | Place    | Note
-------+----------+-------------------------------------------
     0 | D:1      | pstr the Kobold Conjurer began the quest for the Orb.
     0 | D:1      | Reached XP level 1. HP: 10/10 MP: 3/3
   259 | D:1      | Reached XP level 2. HP: 15/15 MP: 3/5
   329 | D:1      | Learned a level 2 spell: Searing Ray
   863 | D:2      | Reached XP level 3. HP: 19/19 MP: 1/7
   930 | D:2      | Found a faded altar of an unknown god.
  1152 | D:2      | Found a radiant altar of Vehumet.
  1784 | D:2      | Reached XP level 4. HP: 24/24 MP: 4/8
  2021 | D:3      | Found a glowing silver altar of Zin.
  2043 | D:3      | Reached skill level 5 in Conjurations
  2190 | D:3      | Reached XP level 5. HP: 15/28 MP: 1/9
  2620 | D:3      | Noticed pstr's ghost (amateur KoCj)
  2625 | D:3      | Killed pstr's ghost
  2625 | D:3      | Reached XP level 6. HP: 23/32 MP: 4/12
  3844 | D:4      | Noticed an ogre
  3854 | D:4      | Killed an ogre
  4151 | D:4      | Noticed Agrougrou's ghost (amateur OgSk)
  4235 | D:4      | Reached skill level 6 in Conjurations
  4235 | D:4      | Reached XP level 7. HP: 37/37 MP: 8/14
  4301 | D:4      | Found Boidafoy's Jewellery Shop.
  4453 | D:4      | Reached skill level 1 in Armour
  4562 | D:4      | Reached skill level 5 in Spellcasting
  5002 | D:4      | Reached XP level 8. HP: 42/42 MP: 10/16
  5316 | D:4      | Reached skill level 1 in Fighting
  5510 | D:4      | Killed Agrougrou's ghost
  5633 | D:5      | Entered Level 5 of the Dungeon
  5742 | D:4      | Reached skill level 7 in Conjurations
  7124 | D:6      | Reached XP level 9. HP: 35/48 MP: 13/18
  7720 | D:6      | Found a white marble altar of Elyvilon.
  8218 | D:6      | Reached skill level 8 in Conjurations
  8619 | D:7      | Found a shadowy altar of Dithmenos.
  8661 | D:7      | Noticed a hippogriff
  8672 | D:7      | Killed a hippogriff
  9273 | D:7      | Found a glowing golden altar of the Shining One.
  9280 | D:7      | Found a sparkling altar of Nemelex Xobeh.
  9282 | D:7      | Found a deep blue altar of Sif Muna.
  9284 | D:7      | Found a basalt altar of Yredelemnul.
  9285 | D:7      | Found a shattered altar of Ashenzari.
  9406 | D:7      | Found a stormy altar of Qazlal.
  9411 | D:7      | Became a worshipper of Qazlal Stormbringer
  9725 | D:7      | Found a staircase to the Ecumenical Temple.
  9985 | D:7      | Reached XP level 10. HP: 54/54 MP: 13/21
 10230 | D:7      | Reached skill level 9 in Conjurations
 10338 | D:8      | Reached skill level 5 in Armour
 10346 | D:8      | Reached * piety under Qazlal
 10672 | D:8      | Noticed Beowulf's ghost (journeyman MiBe)
 11185 | D:8      | Found an opulent altar of Gozag.
 11248 | D:8      | Gained mutation: Your system is resistant to poisons. (rPois) [potion of mutation]
 11248 | D:8      | Gained mutation: Your flesh is heat resistant. (rF+) [potion of mutation]
 11259 | D:8      | Slain by Beowulf's ghost

Skill      XL: |  1  2  3  4  5  6  7  8  9 10 |
---------------+-------------------------------+-----
Stealth        | 3 4 |  4.6
Conjurations   | 5 6 7 8 9 |  9.3
Spellcasting   | 3 4 5 6 7 8 |  8.3
Armour         | 2 3 4 5 |  5.2
Dodging        | 3 4 |  4.2
Fighting       | 1 2 |  2.5
Unarmed Combat | |  0.2

Action                   |  1- 3 |  4- 6 |  7- 9 | 10-12 || total
-------------------------+-------+-------+-------+-------++-------
Melee: Unarmed           |     2 |       |       |       ||     2
       Club              |       |     2 |       |       ||     2
       Morningstar       |       |       |       |     7 ||     7
 Cast: Magic Dart        |    57 |    45 |    86 |     7 ||   195
       Searing Ray       |     3 |    18 |    82 |    29 ||   132
  Use: Scroll            |       |       |     8 |       ||     8
       Potion            |       |       |     5 |     9 ||    14
  Eat: Chunk             |    11 |     8 |    18 |     3 ||    40
Armor: Robe              |       |     2 |       |       ||     2
       Ring mail         |       |     2 |    21 |     4 ||    27
Dodge: Dodged            |    21 |    23 |    89 |    36 ||   169
Block: Other             |       |       |       |     3 ||     3
